 Dungeon Crawl Stone Soup version 0.20.1-1-g8b1a95d (webtiles) character file.

184 UrkaryOn the Covered (level 5, -8/41 HPs)
             Began as a Human Fighter on Sept 6, 2017.
             Mangled by BakaWarrior999's ghost (16 damage)
             ... on level 3 of the Dungeon.
             The game lasted 00:54:31 (2453 turns).

UrkaryOn the Covered (Human Fighter)                Turns: 2453, Time: 00:54:31

Health: -8/41      AC:  3    Str: 18    XL:     5   Next: 96%
Magic:  5/5        EV:  9    Int:  8    God:
Gold:   118        SH:  9    Dex: 12    Spells: 4/4 levels left

rFire    . . .     SeeInvis .   a - +0 rapier
rCold    . . .     Gourm    .   c - +0 shield
rNeg     . . .     Faith    .   g - +0 leather armour
rPois    .         Spirit   .   (no helmet)
rElec    .         Reflect  .   (no cloak)
rCorr    .         Harm     .   (no gloves)
MR       .....                  (no boots)
Stlth    +.........             (no amulet)
Regen    0.2/turn               (no ring)
MPRegen  0.1/turn               (no ring)

@: no status effects
A: no striking features
a: no special abilities


You were on level 3 of the Dungeon.
You were not hungry.

You visited 1 branch of the dungeon, and saw 4 of its levels.

You collected 118 gold pieces.

Inventory:

Hand Weapons
 a - a +0 rapier (weapon)
 e - a +0 short sword
 j - a +1 dagger of venom
 o - a +0 flail
 s - a +0 hunting sling
Missiles
 d - 5 needles of sleeping
 t - 5 stones (quivered)
Armour
 b - a +0 scale mail
 c - a +0 shield (worn)
 g - a +0 leather armour (worn)
 h - a +0 ring mail
 n - a +0 robe
Jewellery
 k - an uncursed amulet of inaccuracy
 q - an uncursed ring of loudness
Scrolls
 l - a scroll of teleportation {unknown}
 m - a scroll of amnesia {unknown}
 p - a scroll of fog {unknown}
Comestibles
 f - 7 fruits
 i - 2 meat rations
 r - a chunk of flesh


   Skills:
 * Level 3.6 Fighting
 + Level 3.2 Short Blades
 + Level 0.2 Slings
 * Level 3.9 Armour
 + Level 1.7 Dodging
 + Level 0.7 Stealth
 + Level 3.7 Shields


You had 4 spell levels left.
You didn't know any spells.

Dungeon Overview and Level Annotations

Branches:
Dungeon (4/15)
 Temple: D:4-7

Altars:

Annotations:
D:3 BakaWarrior999's ghost, amateur DDFi


Message History

Found a stone staircase leading up.
Firing (i - inventory):
t - 7 stones (quivered)
Press: ? - help, Shift-Dir - straight line, f - BakaWarrior999's ghost
Aim: BakaWarrior999's ghost You shoot a stone.
The stone hits BakaWarrior999's ghost.
BakaWarrior999's ghost is lightly damaged.
Firing (i - inventory):
t - 6 stones (quivered)
Press: ? - help, Shift-Dir - straight line, f/p - BakaWarrior999's ghost
Aim: BakaWarrior999's ghost (lightly damaged)
You shoot a stone.
The stone barely misses BakaWarrior999's ghost.
Wield which item (- for none, * to show all)? (? for menu, Esc to quit)
a - a +0 rapier (weapon)
BakaWarrior999's ghost hits you!
You closely miss BakaWarrior999's ghost.
BakaWarrior999's ghost is lightly damaged.
BakaWarrior999's ghost hits you!
* * * LOW HITPOINT WARNING * * *
BakaWarrior999's ghost hits you!
You die...

#..........#
#####......)...########
#............(........#
#.....................#
#..............(.......
#(<.(.(....##...(......
##..........##..........
.(...(.W.........(......
.......@...........(....
.......>....###..##.....
.......###..# #.###.....
....##. #..# #. #.####
.... .. #..# .. #.# ..#
... ...... #.# . .<..
.#.# #.# ##.. #.# #.#


You could see BakaWarrior999's ghost.

Vanquished Creatures
  Jessica (D:2)
  Terence (D:2)
  Natasha (D:2)
  A gnoll (D:3)
  3 adders
  4 dart slugs
  2 leopard geckos (D:1)
  An orc (D:3)
  A ball python (D:3)
  2 giant cockroaches
  7 goblins
  9 hobgoblins
  8 jackals
  A quokka (D:2)
  3 bats
  2 frilled lizards (D:2)
  6 kobolds
  5 rats
58 creatures vanquished.

Notes
Turn   | Place    | Note
-------+----------+-------------------------------------------
     0 | D:1      | UrkaryOn the Human Fighter began the quest for the Orb.
     0 | D:1      | Reached XP level 1. HP: 18/18 MP: 1/1
    39 | D:1      | Reached XP level 2. HP: 7/24 MP: 2/2
   605 | D:1      | Reached XP level 3. HP: 23/29 MP: 3/3
   956 | D:2      | Noticed Terence
   978 | D:2      | Killed Terence
   978 | D:2      | Reached skill level 1 in Dodging
   978 | D:2      | Reached XP level 4. HP: 16/35 MP: 4/4
  1364 | D:2      | Noticed Jessica
  1386 | D:2      | Killed Jessica
  1386 | D:2      | Reached XP level 5. HP: 38/41 MP: 5/5
  1676 | D:2      | Noticed Natasha
  1698 | D:2      | Killed Natasha
  2447 | D:3      | Noticed BakaWarrior999's ghost (amateur DDFi)
  2453 | D:3      | Mangled by BakaWarrior999's ghost

Skill      XL: |  1  2  3  4  5 |
---------------+----------------+-----
Dodging        | 1 |  1.7
Short Blades   | 3 |  3.2
Fighting       | |  3.6
Slings         | |  0.2
Armour         | |  3.9
Stealth        | |  0.7
Shields        | |  3.7

Action                   |  1- 3 |  4- 6 || total
-------------------------+-------+-------++-------
Melee: Rapier            |    81 |    40 ||   121
       Short sword       |     5 |       ||     5
       Dagger            |       |    64 ||    64
 Fire: Hunting sling     |       |     7 ||     7
  Use: Scroll            |     2 |     1 ||     3
       Potion            |     2 |       ||     2
 Stab: Sleeping          |     1 |       ||     1
  Eat: Bread ration      |     1 |       ||     1
       Royal jelly       |       |     1 ||     1
Armor: Scale mail        |    10 |       ||    10
       Leather armour    |    31 |    14 ||    45
       Skin              |    17 |       ||    17
Dodge: Dodged            |    43 |    38 ||    81
Block: Shield            |    50 |    45 ||    95
